[ AOE2 MATCH · #485543697 ]
UnrankedVietnamese vs Armenians
Player's team · WIN
Rival team · LOSS
[ REPLAY ANALYSIS · EXTRACTED FROM THE RECORDED GAME ]
Feudal
9:20
Castle
20:46
Imperial
34:57
| APM avg | 59.7 |
| APM peak | 89 |
| eAPM avg | 25.8 |
| Villagers / military | 146 / 130 |
Focus
⚔️ 48.4% · 🌾 51.6%
Skirmisher ×90 · Archer ×22 · Fire Lancer ×4 · Rattan Archer ×4 · Bombard Cannon ×4 · Trebuchet (Packed) ×4
Feudal
—
Castle
—
Imperial
—
| APM avg | 95.4 |
| APM peak | 155 |
| eAPM avg | 56.0 |
| Villagers / military | 153 / 115 |
Focus
⚔️ 61.4% · 🌾 38.6%
Archer ×45 · Skirmisher ×41 · Knight ×15 · Militia ×4 · Trebuchet (Packed) ×4 · Spearman ×2
Match map
Initial resources + every placement click. Lines = walls · curves = elevation contours. ◆ gold · ⬟ stone · ● berries · ✦ relic · ◌ wall gap
Your base· Open — opponent sealed themselves in
Saturno 1343's base· ✓ Closed at 17:34 · 35t walls · no gate
Smoothed initial terrain · ◌ = detected wall gap · hover for details
Inputs per minute
— sunsetfire - - Saturno 1343
Build order — sunsetfire
First 150 of 434 actions detected
| 0:00 | Queue | Villager (Male) |
| 0:01 | Queue | Villager (Male) |
| 0:01 | Queue | Villager (Male) |
| 0:02 | Build | House |
| 0:03 | Build | House |
| 0:11 | Queue | Villager (Male) |
| 1:29 | Queue | Villager (Male) |
| 1:54 | Build | Lumber Camp |
| 2:03 | Queue | Villager (Male) |
| 2:16 | Queue | Villager (Male) |
| 2:45 | Queue | Villager (Male) |
| 2:45 | Queue | Villager (Male) |
| 3:10 | Queue | Villager (Male) |
| 3:39 | Queue | Villager (Male) |
| 3:51 | Build | House |
| 3:53 | Build | House |
| 4:08 | Queue | Villager (Male) |
| 4:32 | Queue | Villager (Male) |
| 4:33 | Queue | Villager (Male) |
| 5:01 | Build | Mill |
| 5:20 | Queue | Villager (Male) |
| 5:46 | Queue | Villager (Male) |
| 5:58 | Research | Loom |
| 6:41 | Queue | Villager (Male) |
| 7:10 | Research | Feudal Age |
| 7:10 | Research | Feudal Age |
| 7:42 | Build | House |
| 7:43 | Build | Palisade Wall |
| 7:47 | Build | Palisade Wall |
| 7:47 | Build | Palisade Wall |
| 7:50 | Build | Lumber Camp |
| 8:03 | Build | Palisade Wall |
| 8:43 | Build | Barracks |
| 8:52 | Build | Palisade Wall |
| 9:10 | Build | House |
| 9:10 | Build | Palisade Wall |
| 9:20 | Age | Feudal Age |
| 9:22 | Queue | Villager (Male) |
| 9:31 | Research | Double-Bit Axe |
| 9:36 | Research | Horse Collar |
| 9:38 | Build | Palisade Wall |
| 9:44 | Queue | Villager (Male) |
| 9:47 | Build | House |
| 9:52 | Build | Palisade Wall |
| 9:58 | Build | Archery Range |
| 10:00 | Build | Palisade Wall |
| 10:03 | Build | Palisade Wall |
| 10:08 | Build | House |
| 10:10 | Queue | Villager (Male) |
| 10:27 | Queue | Villager (Male) |
| 10:28 | Build | Farm |
| 10:39 | Queue | Villager (Male) |
| 10:43 | Build | Farm |
| 10:46 | Queue | Archer |
| 11:07 | Build | Farm |
| 11:07 | Queue | Skirmisher |
| 11:19 | Build | Farm |
| 11:25 | Queue | Villager (Male) |
| 11:33 | Build | Farm |
| 11:42 | Build | Farm |
| 11:50 | Queue | Villager (Male) |
| 11:53 | Queue | Skirmisher |
| 12:05 | Build | Farm |
| 12:17 | Queue | Villager (Male) |
| 12:29 | Build | Farm |
| 12:33 | Build | Farm |
| 12:36 | Queue | Skirmisher |
| 12:38 | Queue | Villager (Male) |
| 12:44 | Build | House |
| 13:00 | Queue | Villager (Male) |
| 13:00 | Queue | Skirmisher |
| 13:07 | Build | Farm |
| 13:09 | Build | Farm |
| 13:14 | Queue | Villager (Male) |
| 13:27 | Build | Farm |
| 13:38 | Research | Town Watch |
| 13:44 | Build | Mining Camp |
| 13:46 | Queue | Skirmisher |
| 13:53 | Queue | Villager (Male) |
| 14:09 | Build | House |
| 14:10 | Build | Palisade Wall |
| 14:11 | Build | Palisade Wall |
| 14:14 | Build | Palisade Wall |
| 14:27 | Queue | Skirmisher |
| 14:29 | Research | Wheelbarrow |
| 15:14 | Build | Farm |
| 15:15 | Build | Farm |
| 15:16 | Build | Farm |
| 15:25 | Queue | Villager (Male) |
| 15:31 | Build | Blacksmith |
| 15:46 | Queue | Skirmisher |
| 15:50 | Queue | Villager (Male) |
| 16:15 | Build | House |
| 16:18 | Build | Palisade Wall |
| 16:19 | Queue | Villager (Male) |
| 16:20 | Queue | Skirmisher |
| 16:33 | Build | Farm |
| 16:45 | Queue | Villager (Male) |
| 16:45 | Queue | Skirmisher |
| 17:15 | Queue | Villager (Male) |
| 17:30 | Build | Farm |
| 17:51 | Build | Archery Range |
| 18:06 | Research | Castle Age |
| 18:08 | Queue | Archer |
| 18:23 | Queue | Archer |
| 18:46 | Queue | Archer |
| 18:46 | Queue | Archer |
| 18:49 | Research | Gold Mining |
| 18:49 | Research | Gold Mining |
| 19:08 | Research | Fletching |
| 19:08 | Research | Fletching |
| 19:20 | Queue | Skirmisher |
| 19:21 | Queue | Skirmisher |
| 20:08 | Build | House |
| 20:24 | Queue | Villager (Male) |
| 20:26 | Queue | Archer |
| 20:38 | Build | House |
| 20:46 | Age | Castle Age |
| 20:48 | Build | University |
| 20:49 | Research | Crossbowman (upgrade) |
| 20:50 | Research | Elite Skirmisher (upgrade) |
| 20:58 | Research | Bow Saw |
| 20:59 | Research | Bodkin Arrow |
| 20:59 | Research | Bodkin Arrow |
| 21:00 | Research | Padded Archer Armor |
| 21:05 | Build | Town Center |
| 21:07 | Queue | Villager (Male) |
| 21:33 | Queue | Archer |
| 21:33 | Queue | Skirmisher |
| 21:37 | Queue | Villager (Male) |
| 21:58 | Queue | Villager (Male) |
| 22:14 | Queue | Villager (Male) |
| 22:25 | Research | Hand Cart |
| 22:35 | Queue | Villager (Male) |
| 22:55 | Research | Ballistics |
| 22:55 | Research | Ballistics |
| 22:56 | Queue | Villager (Male) |
| 22:56 | Queue | Villager (Male) |
| 22:57 | Queue | Villager (Male) |
| 23:15 | Queue | Villager (Male) |
| 23:17 | Build | House |
| 23:25 | Build | Farm |
| 23:29 | Build | House |
| 23:34 | Queue | Villager (Male) |
| 23:35 | Queue | Archer |
| 23:35 | Queue | Archer |
| 23:36 | Queue | Villager (Male) |
| 23:43 | Queue | Archer |
| 23:43 | Queue | Archer |
| 23:44 | Queue | Villager (Male) |
Build order — Saturno 1343
First 150 of 459 actions detected
| 0:00 | Queue | Villager (Male) |
| 0:01 | Queue | Villager (Male) |
| 0:02 | Build | House |
| 0:02 | Build | House |
| 0:07 | Queue | Villager (Male) |
| 0:09 | Queue | Villager (Male) |
| 1:10 | Queue | Villager (Male) |
| 1:10 | Queue | Villager (Male) |
| 1:50 | Queue | Villager (Male) |
| 1:50 | Queue | Villager (Male) |
| 2:10 | Build | Mule Cart |
| 2:29 | Queue | Villager (Male) |
| 2:44 | Queue | Villager (Male) |
| 2:44 | Queue | Villager (Male) |
| 3:27 | Queue | Villager (Male) |
| 3:27 | Queue | Villager (Male) |
| 3:27 | Queue | Villager (Male) |
| 3:47 | Queue | Villager (Male) |
| 3:47 | Queue | Villager (Male) |
| 4:00 | Build | House |
| 4:09 | Queue | Villager (Male) |
| 4:09 | Queue | Villager (Male) |
| 4:37 | Queue | Villager (Male) |
| 4:39 | Queue | Villager (Male) |
| 5:09 | Queue | Villager (Male) |
| 5:19 | Build | Barracks |
| 5:51 | Queue | Villager (Male) |
| 5:52 | Build | House |
| 6:10 | Research | Loom |
| 6:47 | Queue | Villager (Male) |
| 7:19 | Research | Feudal Age |
| 7:19 | Research | Feudal Age |
| 7:20 | Research | Feudal Age |
| 7:29 | Build | Mill |
| 7:39 | Queue | Militia |
| 7:57 | Queue | Militia |
| 7:59 | Build | Mule Cart |
| 8:24 | Queue | Militia |
| 8:24 | Queue | Militia |
| 8:26 | Queue | Villager (Male) |
| 8:54 | Queue | Villager (Male) |
| 9:07 | Build | Mill |
| 9:09 | Build | House |
| 9:15 | Queue | Villager (Male) |
| 9:31 | Research | Man-at-Arms (upgrade) |
| 9:32 | Queue | Villager (Male) |
| 9:53 | Queue | Villager (Male) |
| 10:15 | Build | Archery Range |
| 10:30 | Queue | Spearman |
| 10:41 | Build | House |
| 10:48 | Build | House |
| 10:50 | Build | Palisade Wall |
| 11:02 | Queue | Villager (Male) |
| 11:09 | Queue | Archer |
| 11:09 | Queue | Archer |
| 11:10 | Queue | Spearman |
| 11:16 | Research | Double-Bit Axe |
| 11:28 | Build | Palisade Wall |
| 11:34 | Build | Palisade Wall |
| 11:44 | Queue | Archer |
| 11:44 | Queue | Archer |
| 11:59 | Queue | Villager (Male) |
| 12:00 | Queue | Villager (Male) |
| 12:02 | Build | Farm |
| 12:09 | Build | Palisade Wall |
| 12:09 | Queue | Villager (Male) |
| 12:11 | Build | House |
| 12:23 | Build | Farm |
| 12:28 | Queue | Archer |
| 12:38 | Queue | Villager (Male) |
| 12:47 | Build | Farm |
| 12:48 | Build | Farm |
| 12:54 | Build | House |
| 13:04 | Build | Palisade Wall |
| 13:07 | Build | Palisade Wall |
| 13:07 | Build | Palisade Wall |
| 13:08 | Queue | Villager (Male) |
| 13:11 | Build | Palisade Wall |
| 13:18 | Build | Farm |
| 13:32 | Queue | Archer |
| 13:35 | Queue | Villager (Male) |
| 13:37 | Build | Farm |
| 13:42 | Build | Farm |
| 13:53 | Queue | Villager (Male) |
| 14:06 | Build | Farm |
| 14:07 | Build | Farm |
| 14:10 | Build | Farm |
| 14:10 | Queue | Villager (Male) |
| 14:31 | Queue | Villager (Male) |
| 14:33 | Build | Farm |
| 14:34 | Queue | Villager (Male) |
| 14:38 | Build | Farm |
| 14:42 | Queue | Archer |
| 15:08 | Queue | Villager (Male) |
| 15:19 | Queue | Villager (Male) |
| 15:20 | Build | Farm |
| 15:21 | Queue | Villager (Male) |
| 15:28 | Queue | Villager (Male) |
| 15:35 | Build | Farm |
| 15:39 | Queue | Villager (Male) |
| 15:45 | Research | Wheelbarrow |
| 15:50 | Build | House |
| 16:14 | Build | Market |
| 16:51 | Queue | Villager (Male) |
| 17:03 | Build | Farm |
| 17:15 | Build | House |
| 17:34 | Research | Castle Age |
| 17:34 | Research | Castle Age |
| 17:34 | Research | Castle Age |
| 18:05 | Build | Farm |
| 18:07 | Research | Horse Collar |
| 18:08 | Research | Horse Collar |
| 18:15 | Queue | Villager (Male) |
| 18:30 | Queue | Archer |
| 18:30 | Queue | Archer |
| 18:34 | Queue | Villager (Male) |
| 18:45 | Build | Blacksmith |
| 19:22 | Research | Fletching |
| 19:25 | Queue | Villager (Male) |
| 19:48 | Build | Mule Cart |
| 20:14 | Research | Bodkin Arrow |
| 20:15 | Research | Bodkin Arrow |
| 20:19 | Research | Crossbowman (upgrade) |
| 20:23 | Queue | Villager (Male) |
| 20:25 | Build | University |
| 20:35 | Build | Monastery |
| 20:39 | Queue | Villager (Male) |
| 20:43 | Queue | Villager (Male) |
| 20:44 | Queue | Villager (Male) |
| 20:52 | Research | Bow Saw |
| 20:53 | Research | Bow Saw |
| 20:58 | Build | House |
| 21:10 | Build | House |
| 21:11 | Build | House |
| 21:11 | Queue | Villager (Male) |
| 21:19 | Build | House |
| 21:20 | Build | House |
| 21:23 | Build | House |
| 21:24 | Build | House |
| 21:36 | Queue | Villager (Male) |
| 21:44 | Queue | Villager (Male) |
| 21:55 | Research | Ballistics |
| 21:55 | Research | Ballistics |
| 21:57 | Queue | Archer |
| 21:58 | Queue | Archer |
| 22:02 | Queue | Villager (Male) |
| 22:14 | Queue | Villager (Male) |
| 22:17 | Queue | Archer |
| 22:28 | Research | Town Watch |
| 22:30 | Build | Farm |
Match timeline
| 5:19 | Saturno 1343 · first_building Barracks |
| 7:43 | sunsetfire · wall_segment Palisade Wall x1 |
| 7:47 | sunsetfire · wall_segment Palisade Wall x1 |
| 7:47 | sunsetfire · wall_segment Palisade Wall x1 |
| 8:03 | sunsetfire · wall_segment Palisade Wall x3 |
| 8:43 | sunsetfire · first_building Barracks |
| 8:52 | sunsetfire · wall_segment Palisade Wall x1 |
| 9:10 | sunsetfire · wall_segment Palisade Wall x1 |
| 9:20 | sunsetfire · age_up feudal |
| 9:38 | sunsetfire · wall_segment Palisade Wall x4 |
| 9:52 | sunsetfire · wall_segment Palisade Wall x1 |
| 9:58 | sunsetfire · first_building Archery Range |
| 10:00 | sunsetfire · wall_segment Palisade Wall x1 |
| 10:03 | sunsetfire · wall_segment Palisade Wall x1 |
| 10:15 | Saturno 1343 · first_building Archery Range |
| 10:50 | Saturno 1343 · wall_segment Palisade Wall x2 |
| 11:28 | Saturno 1343 · wall_segment Palisade Wall x4 |
| 11:34 | Saturno 1343 · wall_segment Palisade Wall x8 |
| 12:09 | Saturno 1343 · wall_segment Palisade Wall x1 |
| 13:04 | Saturno 1343 · wall_segment Palisade Wall x1 |
| 13:07 | Saturno 1343 · wall_segment Palisade Wall x9 |
| 13:07 | Saturno 1343 · wall_segment Palisade Wall x5 |
| 13:11 | Saturno 1343 · wall_segment Palisade Wall x7 |
| 14:10 | sunsetfire · wall_segment Palisade Wall x1 |
| 14:11 | sunsetfire · wall_segment Palisade Wall x8 |
| 14:14 | sunsetfire · wall_segment Palisade Wall x1 |
| 16:18 | sunsetfire · wall_segment Palisade Wall x1 |
| 20:35 | Saturno 1343 · first_building Monastery |
| 20:46 | sunsetfire · age_up castle |
| 24:42 | Saturno 1343 · first_building Siege Workshop |
| 28:31 | Saturno 1343 · first_market_buy 100 food |
| 28:53 | sunsetfire · first_building Castle |
| 29:30 | Saturno 1343 · first_market_sell 100 wood |
| 30:14 | sunsetfire · first_building Monastery |
| 31:16 | sunsetfire · first_market_sell 100 wood |
| 31:29 | Saturno 1343 · first_building Castle |
| 33:19 | sunsetfire · first_building Siege Workshop |
| 34:57 | sunsetfire · age_up imperial |
| 37:05 | Saturno 1343 · first_building Stable |
| 37:39 | sunsetfire · first_market_buy 100 stone |
| 39:53 | sunsetfire · first_building Stable |
| 41:47 | Saturno 1343 · resign |
[ AI ANALYSIS · 1 CREDIT ]
What really happened in this match?
Wolo.gg analyzes every decision: build order, eco, micro, common mistakes by bracket. Personalized analysis on WhatsApp or Discord in 30 seconds.
Civ guide
Vietnamese
Perfil
sunsetfire